 Dungeon Crawl Stone Soup version 0.25.1-2-g60ff931df9 (webtiles) character file.

Game seed: 17279088905066641728

42 funkygono the Covered (level 3, 23/23 HPs)
             Began as a Gargoyle Fighter on July 31, 2020.
             Got out of the dungeon alive.
             The game lasted 00:02:22 (852 turns).

funkygono the Covered (Gargoyle Fighter)             Turns: 852, Time: 00:02:23

Health: 23/23      AC: 10    Str: 20    XL:     3   Next: 54%
Magic:  3/3        EV:  7    Int: 14    God:
Gold:   46         SH:  9    Dex:  9    Spells: 2/2 levels left

rFire    . . .     SeeInvis .   a - +0 flail
rCold    . . .     Gourm    .   c - +0 kite shield
rNeg     + . .     Faith    .   b - +0 scale mail
rPois    ∞         Spirit   .   (no helmet)
rElec    +         Reflect  .   (no cloak)
rCorr    .         Harm     .   (no gloves)
MR       .....                  (no boots)
Stlth    +.........             (no amulet)
HPRegen  0.07/turn              p - +6 ring of intelligence
MPRegen  0.08/turn              o - ring of stealth

@: no status effects
A: negative energy resistance 1, electricity resistance, unbreathing,
petrification resistance, rot immunity, AC +3
a: no special abilities


You escaped.
You were not hungry.

You visited 1 branch of the dungeon, and saw 2 of its levels.

You collected 46 gold pieces.

Inventory:

Hand Weapons
 a - a +0 flail (weapon)
Missiles
 i - 32 stones (quivered)
 l - 20 bolts
Armour
 b - a +0 scale mail (worn)
 c - a +0 kite shield (worn)
Jewellery
 n - an uncursed ring of fire
 o - a ring of stealth (right hand)
 p - a +6 ring of intelligence (left hand)
Scrolls
 h - a scroll of teleportation {unknown}
 m - a scroll of immolation {unknown}
Potions
 d - a potion of might
 e - a potion of mutation
 j - a potion of degeneration {unknown}
 k - a potion of heal wounds {unknown}
 q - a potion of stabbing {unknown}
Comestibles
 f - 2 rations
 g - 10 chunks of flesh


   Skills:
 + Level 3.6 Fighting
 + Level 3.0 Maces & Flails
 + Level 3.6 Armour
 + Level 0.1 Dodging
 + Level 3.5 Shields


You had 2 spell levels left.
You didn't know any spells.
Your spell library was empty.

Dungeon Overview and Level Annotations

Branches:
Dungeon (2/15)

Altars:


Innate Abilities, Weirdness & Mutations

You are resistant to torment.
Your stone body is resilient. (AC +3)
You are immune to poison.
You resist negative energy. (rN+)
You are resistant to electric shocks. (rElec)
You can survive without breathing.
You are immune to petrification.
You are immune to rotting.


Message History

Unknown command.
Quiver which item? (- for none, * to show all) (? for menu, Esc to quit)
Okay, then.
There is an open door here.
(D) Dungeon
Where to? (Enter - D:2, ? - help)
What level of the Dungeon? (default 1, ? - help)
There is an open door here.
There is an open door here.
There is a stone staircase leading up here.
You climb upwards.
There is a stone staircase leading down here.
You see here a +0 club.
Some of the chunks of flesh in your inventory have rotted away.
There is a staircase leading out of the dungeon here.
Are you sure you want to leave the Dungeon?
This will make you lose the game!
Alright, then stay!
Unknown command.
Are you sure you want to leave the Dungeon?
This will make you lose the game!
You have escaped!

##..........................##...
..###............#...............
....#...........########.##......
....##.........## ######.##......
^>...##############..............
................##...............
.......§≈§≈≈.....##..#######.#...
..)...§≈≈§≈≈≈....##..#######.#...
#.....§≈(>$≈≈...@##..............
##....§§≈≈≈≈≈....##.########.#...
##....§≈≈≈≈≈.....##.# #.#...
##..............###.# #.##..
##...############.#.# #.#...
##..##...#####....#.# #.#...
#...#.......###.#.#.########.#...
..###............................
................###.###>####.#...


There were no monsters in sight!

Vanquished Creatures
  A gnoll (D:1)
  An adder (D:2)
  A leopard gecko (D:2)
  A ball python (D:1)
  A giant cockroach (D:1)
  A goblin (D:2)
  3 hobgoblins (D:1)
  2 jackals (D:2)
  3 kobolds (D:1)
  3 bats (D:2)
  5 rats
22 creatures vanquished.

Notes
Turn   | Place    | Note
-------+----------+-------------------------------------------
     0 | D:1      | funkygono the Gargoyle Fighter began the quest for the Orb.
     0 | D:1      | Reached XP level 1. HP: 14/14 MP: 1/1
   140 | D:1      | Reached XP level 2. HP: 19/19 MP: 2/2
   605 | D:2      | Reached XP level 3. HP: 22/23 MP: 3/3
   852 | D:$      | Got out of the dungeon alive.

Illustrated notes

Levels and vault maps discovered:
D:1:      lemuel_arrival_lava_pool, layout_rooms, minmay_misc_feat_rows
D:2:      layout_basic, minmay_pentomino_u4

Skill      XL: |  1  2  3 |
---------------+----------+-----
Maces & Flails | 3 |  3.0
Fighting       | |  3.6
Armour         | |  3.6
Dodging        | |  0.1
Shields        | |  3.5

Action                   || total
-------------------------++-------
Melee: Flail             ||    79
  Use: Scroll            ||     4
Armor: Scale mail        ||    63
Dodge: Dodged            ||    37
Block: Kite shield       ||    54
